 Dungeon Crawl Stone Soup version 0.28.0-53-g5a82cb258f (webtiles) character file.

Game seed: 4627811060288810472

499 Stomo the Skirmisher (level 6, -1/57 HPs)
             Began as a Draconian Monk on July 6, 2022.
             Slain by Eustachio
             ... wielding a +0 falchion of protection
              (5 damage)
             ... on level 4 of the Dungeon.
             The game lasted 00:07:14 (5930 turns).

Stomo the Skirmisher (Draconian Monk)               Turns: 5930, Time: 00:07:14

Health: -1/57      AC:  6    Str: 16      XL:     6   Next: 94%
Magic:  6/6        EV: 12    Int: 10      God:
Gold:   130        SH:  0    Dex:  6 (13) Spells: 5/5 levels left

rFire   . . .      SeeInvis .   a - +0 mace (chaos)
rCold   . . .      Faith    .   (no shield)
rNeg    . . .      Spirit   .   (armour unavailable)
rPois   .          Reflect  .   (helmet restricted)
rElec   .          Harm     .   (no cloak)
rCorr   .          Rampage  .   (no gloves)
Will    .....                   (no boots)
Stlth   +.........              (no amulet)
HPRegen 0.19/turn               (no ring)
MPRegen 0.10/turn               (no ring)

@: mighty
A: AC +6, unfitting armour, cold-blooded
a: no special abilities


You were on level 4 of the Dungeon.
You visited 1 branch of the dungeon, and saw 4 of its levels.
You also visited: Sewer.

You collected 130 gold pieces.

Inventory:

Hand Weapons
 a - a +0 mace of chaos (weapon)
Wands
 h - a wand of flame (12)
 o - a wand of iceblast (10)
Scrolls
 l - a scroll of fear
 m - 3 scrolls of holy word
 t - a scroll of fog
Potions
 f - 2 potions of lignification {unknown}
 n - 2 potions of heal wounds {unknown}
 q - a potion of resistance {unknown}
 r - a potion of mutation {unknown}
 s - a potion of haste {unknown}
 u - a potion of brilliance {unknown}


   Skills:
 + Level 5.6 Fighting
 + Level 5.1 Maces & Flails
 + Level 4.6 Dodging
 - Level 1.7 Stealth


You had 5 spell levels left.
You didn't know any spells.
Your spell library contained the following spells:

 Spells                   Type           Power      Damage    Failure   Level
 Summon Small Mammal      Summ           0%         N/A       36%         1
 Ensorcelled Hibernation  Hex/Ice        0%         N/A       50%         2
 Passwall                 Tmut/Erth      0%         N/A       50%         2
 Sublimation of Blood     Necr           0%         N/A       50%         2
 Wereblood                Tmut           0%         N/A       50%         2
 Call Canine Familiar     Summ           0%         N/A       75%         3
 Summon Guardian Golem    Hex/Summ       0%         N/A       75%         3
 Swiftness                Air            0%         N/A       75%         3
 Summon Hydra             Summ           0%         N/A       100%        7


Dungeon Overview and Level Annotations

Branches:
Dungeon (4/15)              Sewer (visited)
 Temple: D:4-7

Altars:

Shops:
D:4 ?

Annotations:
D:4 Eustachio


Innate Abilities, Weirdness & Mutations

Your plain brown scales are hard. (AC +6)
You cannot fit into any form of body armour.
You are cold-blooded and may be slowed by cold attacks.


Message History

You completely miss Eustachio.
Eustachio is moderately wounded.
Eustachio hits you with a +0 falchion of protection.
The crimson imp hits you but does no damage.
Eustachio hits you with a +0 falchion of protection.
* * * LOW HITPOINT WARNING * * *
You hit Eustachio but do no damage.
Your tail-slap misses Eustachio.
Eustachio is moderately wounded.
The crimson imp barely misses you.
Eustachio hits you with a +0 falchion of protection.
* * * LOW HITPOINT WARNING * * *
Unknown command.
You feel very mighty all of a sudden. The crimson imp misses you.
Eustachio hits you but does no damage.
Unknown command.
The crimson imp blinks!
Eustachio hits you with a +0 falchion of protection.
* * * LOW HITPOINT WARNING * * *
Unknown command.
You sock Eustachio!
Eustachio seems to speed up.
Eustachio is severely wounded.
Eustachio hits you with a +0 falchion of protection!
* * * LOW HITPOINT WARNING * * *
The crimson imp blinks!
Unknown command.
You feel better.
Eustachio hits you with a +0 falchion of protection.
* * * LOW HITPOINT WARNING * * *
Eustachio barely misses you.
Unknown command.
You hit Eustachio but do no damage.
Eustachio is severely wounded.
Eustachio hits you with a +0 falchion of protection.
* * * LOW HITPOINT WARNING * * *
The crimson imp blinks!
Eustachio barely misses you.
Unknown command.
You sock Eustachio!
Eustachio flickers and vanishes!
Deactivating autopickup; reactivate with Ctrl-A.
Something hits you.
You die...

*,* ##.##.## *,*
#.*#.# *,**##.##.#*
*,,,.y.....*
****.#.###,**##*
*...,...*,,.##
#####.#.##...**#.#
..............,#.#
.####...?#...#.#@#####
...#*.......#....{5..#
##.#*......#########5#
#.#*##.#### #.# ##.#
*.# #.# ...# *,# #.#
#### **+** #.# **,,,**
#.# **,,,,,**
#####.#**


You could see a quasit (summoned) and a crimson imp (summoned).

Vanquished Creatures
  A water moccasin (D:4)
  Pargi (D:4)
  A scorpion (D:4)
  An orc priest (D:4)
  A bullfrog skeleton (D:3)
  A hound skeleton (D:4)
  2 river rats (D:4)
  8 adders
  A worm (D:2)
  3 orcs (D:4)
  8 endoplasms
  3 giant cockroaches
  4 goblins
  9 hobgoblins
  4 jackals (D:3)
  7 kobolds
  5 quokkas
  11 ball pythons
  9 bats
  5 frilled lizards
  4 rats
89 creatures vanquished.

Vanquished Creatures (others)
  5 plants (D:3)
5 creatures vanquished.

Grand Total: 94 creatures vanquished

Notes
Turn   | Place    | Note
-------+----------+-------------------------------------------
     0 | D:1      | Stomo the Draconian Monk began the quest for the Orb.
     0 | D:1      | Reached XP level 1. HP: 19/19 MP: 1/1
   167 | D:1      | Reached XP level 2. HP: 16/26 MP: 2/2
   586 | D:1      | HP: 1/27 [kobold/+0 club (3)]
  1111 | D:1      | Found a faded altar of an unknown god.
  1365 | D:2      | Reached XP level 3. HP: 31/33 MP: 3/3
  2375 | D:2      | Reached XP level 4. HP: 30/40 MP: 4/4
  3493 | D:3      | Reached XP level 5. HP: 43/47 MP: 5/5
  4131 | D:4      | Found a glowing drain.
  4140 | Sewer    | Entered a sewer
  4218 | Sewer    | Noticed Pargi
  4258 | D:4      | HP: 2/47 [Pargi (1)]
  4259 | D:4      | Killed Pargi
  4260 | D:4      | Reached skill level 5 in Fighting
  4260 | D:4      | Reached XP level 6. HP: 3/56 MP: 6/6
  4609 | D:4      | Noticed a water moccasin
  4620 | D:4      | Killed a water moccasin
  4918 | D:4      | Reached skill level 5 in Maces & Flails
  5044 | D:4      | Noticed a hornet
  5072 | D:4      | Noticed Eustachio
  5849 | D:4      | Found Anliqori's Magic Scroll Shoppe.
  5927 | D:4      | HP: 1/57 [Eustachio/+0 falchion of protection (7)]
  5930 | D:4      | Slain by Eustachio

Illustrated notes

Levels and vault maps discovered:
D:1:      moated_graveyard_arrival, layout_basic,
          chequers_ecumenical_altar_simple, due_unseen_surprise
D:2:      layout_basic, minmay_between
D:3:      layout_basic, serial_bayou, serial_bayou_pond_c, serial_bayou_shore_a,
          serial_bayou_pond_a, serial_bayou_pond_a
D:4:      layout_loops_corners, serial_shops, shop,
          cheibrodos_sewer_entry_sluice, uniq_eustachio

Skill      XL: |  1  2  3  4  5  6 |
---------------+-------------------+-----
Dodging        | 3 4 |  4.6
Fighting       | 4 5 |  5.6
Maces & Flails | 4 5 |  5.1
Stealth        | |  1.7

Action                   |  1- 3 |  4- 6 || total
-------------------------+-------+-------++-------
Melee: Mace              |   159 |   278 ||   437
       Tailslap          |    21 |    42 ||    63
       Punch             |     4 |     1 ||     5
  Use: Scroll            |       |    13 ||    13
       Potion            |       |     3 ||     3
 Stab: Sleeping          |     5 |     3 ||     8
       Invisible         |       |     1 ||     1
Armor: Skin              |    62 |   139 ||   201
Dodge: Dodged            |   152 |   288 ||   440
